 Dungeon Crawl Stone Soup version 0.30.1-11-g7821555f0a (webtiles) character file.

Game seed: 13962141126963511589

7 porpoise the Shooter (level 2, 0/18 HPs)
             Began as a Kobold Hunter on Dec 5, 2023.
             Frozen to death by an endoplasm (5 damage)
             ... on level 1 of the Dungeon.
             The game lasted 00:00:35 (145 turns).

porpoise the Shooter (Kobold Hunter)                 Turns: 145, Time: 00:00:35

Health: 0/18       AC:  3    Str:  8    XL:     2   Next: 5%
Magic:  2/2        EV: 14    Int: 10    God:
Gold:   19         SH:  0    Dex: 18    Spells: 1/1 levels left

rFire   . . .        a - +0 shortbow
rCold   . . .        (shield currently unavailable)
rNeg    . . .        c - +0 leather armour
rPois   .            (no helmet)
rElec   .            (no cloak)
rCorr   .            (no gloves)
SInv    .            (no boots)
Will    .....        (no amulet)
Stlth   +++          (no ring)
HPRegen 0.23/turn    (no ring)
MPRegen 0.08/turn

%: no passive effects
@: no status effects
A: small, no large weapons, nightstalker 3
a: no special abilities


You were on level 1 of the Dungeon.
You visited 1 branch of the dungeon, and saw 1 of its levels.

You collected 19 gold pieces.

Inventory:

Hand Weapons
 a - a +0 shortbow (weapon)
Armour
 c - a +0 leather armour (worn)
Jewellery
 e - a ring of fire
Scrolls
 b - a scroll of immolation
 f - a scroll of identify {unknown}
Potions
 d - a potion of mutation {unknown}


   Skills:
 + Level 2.4 Fighting
 * Level 5.6 Ranged Weapons
 - Level 2.4 Dodging
 - Level 1.3 Stealth


You had one spell level left.
You didn't know any spells.
Your spell library was empty.

Dungeon Overview and Level Annotations

Branches:
Dungeon (1/15)

Altars:


Innate Abilities, Weirdness & Mutations

You are small and have problems with some larger weapons.
You are completely attuned to the shadows.


Message History

You now have 7 gold pieces.
You now have 19 gold pieces (gained 12).
You open the door.
There is an open door here.
You open the door.
There is an open door here.
An endoplasm comes into view.
You shoot an arrow. The arrow hits the endoplasm.
The endoplasm is lightly wounded.
A rat comes into view.
You shoot an arrow. The arrow hits the endoplasm.
The endoplasm is moderately wounded.
You shoot an arrow. The arrow barely misses the endoplasm.
The arrow hits the rat!
You kill the rat!
The endoplasm misses you.
You shoot an arrow. The arrow barely misses the endoplasm.
The endoplasm freezes you.
You are frozen.
You shoot an arrow.
The arrow hits the endoplasm but does no damage.
The endoplasm is moderately wounded.
The endoplasm freezes you.
You are frozen.
You shoot an arrow. The arrow hits the endoplasm.
The endoplasm is severely wounded.
The endoplasm freezes you.
You are frozen.
You are too injured to fight recklessly!
You are too injured to fight recklessly!
You shoot an arrow. The arrow barely misses the endoplasm.
The endoplasm freezes you.
You are frozen.
* * * LOW HITPOINT WARNING * * *
You shoot an arrow. The arrow hits the endoplasm.
The endoplasm is almost dead.
The endoplasm closely misses you. The endoplasm freezes you.
You are frozen.
You die...

.....#.#..+.............##...#...
.....#...#+#............##.#....~
.....#..##.##...........##.#....)
.......##.8.##...... #.......~
......##.....##..... #........
.....##...+...##... #........
.....#...#+#...#.# .........
.....'8.## ##.8'.## .....####
.....#.## ##.#@.# .....####
.....### ###J.# ......... ####.#
#..# ......... #.# #..# .........
...# .###..... #..... #...##
##.#.## .......


You could see an endoplasm.

Vanquished Creatures
  A dart slug (D:1)
  A kobold (D:1)
  A ball python (D:1)
  A bat (D:1)
  A frilled lizard (D:1)
  A rat (D:1)
6 creatures vanquished.

Notes
Turn   | Place    | Note
-------+----------+-------------------------------------------
     0 | D:1      | porpoise the Kobold Hunter began the quest for the Orb.
     0 | D:1      | Reached XP level 1. HP: 12/12 MP: 1/1
    87 | D:1      | Reached XP level 2. HP: 18/18 MP: 2/2
   145 | D:1      | Frozen to death by an endoplasm

Illustrated notes

Levels and vault maps discovered:
D:1:      dpeg_arrival_water_temple_mockup, layout_basic, grunt_decor_arrowhead,
          interstate_on_off, serial_park_tiny_pond, minmay_ruptured

Action                     || total
---------------------------++-------
   Fire: Shortbow          ||    21
 Armour: Leather armour    ||     2
  Dodge: Dodged            ||     9
